 Dungeon Crawl Stone Soup version 0.28-a0-421-gd1dd6c5fb5 (webtiles) character file.

Game seed: 2667479342980152377

1516 herdos3 the Cleaver (level 8, 0/69 HPs)
             Began as a Minotaur Berserker on Sept 8, 2021.
             Was a Priest of Trog.
             Succumbed to a water moccasin's poison
             ... on level 5 of the Dungeon.
             The game lasted 00:10:26 (4938 turns).

herdos3 the Cleaver (Minotaur Berserker)            Turns: 4938, Time: 00:10:27

Health: 0/69       AC: 12    Str: 25    XL:     8   Next: 54%
Magic:  7/7        EV:  9    Int:  4    God:    Trog [***...]
Gold:   218        SH:  0    Dex:  9    Spells: 7/7 levels left

rFire   . . .      SeeInvis .   m - +2 hand axe (flame)
rCold   . . .      Faith    .   (no shield)
rNeg    . . .      Spirit   .   p - +0 chain mail
rPois   .          Reflect  .   (helmet restricted)
rElec   .          Harm     .   a - scarf {repulsion}
rCorr   .          Rampage  .   (no gloves)
Will    .....                   f - +1 pair of boots
Stlth   ..........              (no amulet)
HPRegen 0.21/turn               (no ring)
MPRegen 0.10/turn               (no ring)

@: mighty, lethally poisoned (0 -> -5), lit by a corona, on berserk cooldown,
slowed, glowing, repel missiles, very slow
A: horns 2, retaliatory headbutt
a: Renounce Religion, Berserk, Trog's Hand


You were on level 5 of the Dungeon.
You worshipped Trog.
Trog was most pleased with you.
You visited 1 branch of the dungeon, and saw 6 of its levels.

You collected 218 gold pieces.

Inventory:

Hand Weapons
 m - a +2 hand axe of flaming (weapon)
Armour
 a - a scarf of repulsion (worn)
 f - a +1 pair of boots (worn)
 p - a +0 chain mail (worn)
Wands
 b - a wand of iceblast (9)
Scrolls
 c - 5 scrolls of identify
 g - 5 scrolls of teleportation
 h - 2 scrolls of amnesia
 l - 3 scrolls of magic mapping
 q - a scroll of enchant weapon
Potions
 d - a potion of haste
 e - 3 potions of mutation
 j - a potion of flight
 k - a potion of might
 n - a potion of lignification {unknown}


   Skills:
 + Level 5.5 Fighting
 * Level 10.9 Axes
 + Level 4.9 Armour
 + Level 4.0 Dodging
 + Level 1.3 Stealth


You had 7 spell levels left.
You didn't know any spells.
Your spell library was empty.

Dungeon Overview and Level Annotations

Branches:
Dungeon (6/15)
 Temple: D:4-7

Altars:
Sif Muna


Innate Abilities, Weirdness & Mutations

You have a pair of horns on your head.
You reflexively headbutt those who attack you in melee.


Message History

The water moccasin poisons you!
You slash the ufetubus! You burn the ufetubus.
You kill the ufetubus!
Trog accepts your kill.
You closely miss the water moccasin.
* * * LOW HITPOINT WARNING * * *
You feel sick.
You hit the water moccasin. You burn the water moccasin.
The water moccasin is moderately wounded.
* * * LOW HITPOINT WARNING * * *
You feel sick.
The water moccasin bites you but does no damage.
You closely miss the water moccasin.
Your headbutt misses the water moccasin.
The water moccasin is moderately wounded.
* * * LOW HITPOINT WARNING * * *
You feel sick. The water moccasin closely misses you. You furiously retaliate!
You headbutt the water moccasin!!
You kill the water moccasin!
Trog accepts your kill.
You are too berserk!
There is a lethal amount of poison in your body!
There is a lethal amount of poison in your body!
* * * LOW HITPOINT WARNING * * *
You feel sick.
You feel a strong urge to attack something.
* * * LOW HITPOINT WARNING * * *
You feel sick.
* * * LOW HITPOINT WARNING * * *
You feel sick.
You feel your anger nearly subside.
You are no longer berserk.
You are exhausted.
You feel yourself slow down.
* * * LOW HITPOINT WARNING * * *
You feel sick.
Okay, then.
There is a lethal amount of poison in your body!
It was a potion of might.
You feel very mighty all of a sudden.
You die...

#.....#...#.###...(# #.## #......
##.#..###...# #..### #..# #......
#†#.....#..# #..# ##.###......
#....##....###..# #.#........
##..#............######...###....
.......#.............###..# ##.##
###.#.............##......####.##
#..#.......†...............#...
#...#.....>...@..............##
#...................[.>........
###.##.................##......
#..#........#####............
##.#.......####...#....###..#
##.#.......# #..###.#...##...
#...###....###.##.......##.##
##...##.............###....##
#.........#....##.######>..#


There were no monsters in sight!

Vanquished Creatures
  The ghost of yegreS the Chopper, a novice MiFi of Okawaru (D:4)
  The ghost of paps the Sneak, an amateur OpEn (D:4)
  2 water moccasins (D:5)
  A black bear (D:4)
  A sky beast (D:5)
  An ogre (D:4)
  A scorpion (D:5)
  A wight (D:6)
  A jelly (D:5)
  A bullfrog skeleton (D:5)
  3 hounds
  2 iguanas (D:5)
  Ijyb (D:4)
  An orc wizard (D:4)
  A hound skeleton (D:4)
  3 gnolls (D:3)
  9 adders
  An ufetubus (D:5)
  A worm (D:2)
  A dart slug (D:4)
  11 orcs
  7 endoplasms
  A giant cockroach (D:3)
  8 goblins
  9 hobgoblins
  2 quokkas
  6 ball pythons
  2 bats (D:2)
  6 frilled lizards
  4 kobolds
  5 rats
95 creatures vanquished.

Vanquished Creatures (others)
  4 withered plants (D:4)
4 creatures vanquished.

Grand Total: 99 creatures vanquished

Notes
Turn   | Place    | Note
-------+----------+-------------------------------------------
     0 | D:1      | herdos3 the Minotaur Berserker began the quest for the Orb.
     0 | D:1      | Reached XP level 1. HP: 19/19 MP: 0/0
    33 | D:1      | Found a faded altar of an unknown god.
   107 | D:1      | Reached skill level 4 in Axes
   217 | D:1      | Reached XP level 2. HP: 13/27 MP: 1/1
   906 | D:2      | Reached XP level 3. HP: 33/33 MP: 2/2
  1298 | D:2      | Reached ** piety under Trog
  1699 | D:2      | Reached skill level 5 in Axes
  2260 | D:3      | Reached XP level 4. HP: 40/40 MP: 3/3
  2706 | D:3      | Reached XP level 5. HP: 47/47 MP: 4/4
  2915 | D:3      | Reached skill level 6 in Axes
  3310 | D:4      | Noticed Ijyb
  3321 | D:4      | Killed Ijyb
  3351 | D:4      | Noticed a black bear
  3360 | D:4      | Killed a black bear
  3361 | D:4      | Reached XP level 6. HP: 53/53 MP: 5/5
  3452 | D:4      | Reached skill level 7 in Axes
  3543 | D:4      | Reached *** piety under Trog
  3845 | D:4      | Found a runed translucent gate.
  3846 | D:4      | Found a runed translucent gate.
  3846 | D:4      | Found a runed translucent gate.
  3914 | D:4      | Found a shimmering blue altar of Sif Muna.
  3989 | D:4      | Noticed paps's ghost (amateur OpEn)
  3989 | D:4      | Noticed yegreS's ghost (novice MiFi)
  4123 | D:4      | Killed paps's ghost
  4124 | D:4      | Reached skill level 8 in Axes
  4124 | D:4      | Reached XP level 7. HP: 45/60 MP: 6/6
  4126 | D:4      | Killed yegreS's ghost
  4127 | D:4      | Reached skill level 5 in Fighting
  4127 | D:4      | Reached skill level 9 in Axes
  4127 | D:4      | Reached skill level 1 in Stealth
  4182 | D:5      | Entered Level 5 of the Dungeon
  4347 | D:5      | Reached XP level 8. HP: 68/68 MP: 7/7
  4377 | D:5      | Identified the +4 ring mail "Xonov" {Fly rF++ Will- Str-4}
  4486 | D:5      | Reached skill level 10 in Axes
  4937 | D:5      | HP: 2/69 [poisoned by a water moccasin]
  4938 | D:5      | Succumbed to a water moccasin's poison

Illustrated notes

Levels and vault maps discovered:
D:1:      shiori_arrival_elements, layout_basic,
          chequers_ecumenical_altar_island, grunt_decor_fettered
D:2:      layout_basic
D:3:      layout_basic
D:4:      layout_cave_pools, lemuel_blue_sif_altar, gammafunk_ghost_cemetery,
          uniq_ijyb
D:5:      layout_rooms
D:6:      layout_gridville, lemuel_round_altar, marbit_many_paths,
          minmay_manual_monolith

Skill      XL: |  1  2  3  4  5  6  7  8 |
---------------+-------------------------+-----
Axes           | 4 5 6 8 9 10 | 10.9
Fighting       | 4 5 |  5.5
Armour         | 3 4 |  4.9
Dodging        | 3 4 |  4.0
Stealth        | 1 |  1.3

Action                   |  1- 3 |  4- 6 |  7- 9 || total
-------------------------+-------+-------+-------++-------
Melee: Hand axe          |    76 |    82 |    57 ||   215
       Headbutt          |    12 |    18 |     5 ||    35
Invok: Berserk           |     4 |     4 |     4 ||    12
       Trog's Hand       |       |     1 |       ||     1
  Use: Scroll            |       |     8 |     3 ||    11
       Potion            |       |       |     1 ||     1
Armor: Animal skin       |    11 |       |       ||    11
       Leather armour    |     7 |    15 |       ||    22
       Scale mail        |       |     3 |    11 ||    14
       Chain mail        |       |       |    20 ||    20
Dodge: Dodged            |    31 |    32 |    31 ||    94
       Repelled          |       |     1 |       ||     1

Table legend: (Time is in decaauts)
 A = Elapsed time spent in this place.
 B = Non-inter-level travel time spent in this place.
 C = Inter-level travel time spent in this place.
 D = Time resting spent in this place.
 E = Time spent auto-exploring this place.
 F = Levels seen in this place.
 G = Mean time per level.
                   A        B        C        D        E       F      G
               +--------+--------+--------+--------+--------+-----+--------+
         Total |   5027 |   4920 |    107 |    542 |   3485 |   6 |  837.8 |
       Dungeon |   5027 |   4920 |    107 |    542 |   3485 |   6 |  837.8 |
               +--------+--------+--------+--------+--------+-----+--------+

Top non-repeatable levels by time:
     D:2: 1526 daAuts
     D:3: 1064 daAuts
     D:4: 1003 daAuts
     D:1: 766 daAuts
     D:5: 563 daAuts
     D:6: 103 daAuts
